 Dungeon Crawl Stone Soup version 0.26-a0-1205-g4083c211ab (webtiles) character file.

Game seed: 1184047544822110746

7 Goblin1989 the Sneak (level 1, 0/18 HPs)
             Began as a Demonspawn Delver on Dec 30, 2020.
             Slain by a quokka (1 damage)
             ... on level 3 of the Dungeon.
             The game lasted 00:02:10 (154 turns).

Goblin1989 the Sneak (Demonspawn Delver)             Turns: 154, Time: 00:02:10

Health: 0/18       AC:  3    Str: 12    XL:     1   Next: 83%
Magic:  1/1        EV: 12    Int: 11    God:
Gold:   0          SH:  0    Dex: 14    Spells: 0/0 levels left

rFire    . . .     SeeInvis .   a - +0 rapier
rCold    . . .     Faith    .   (no shield)
rNeg     . . .     Spirit   .   b - +0 leather armour
rPois    .         Reflect  .   (no helmet)
rElec    .         Harm     .   (no cloak)
rCorr    .         Rampage  .   (no gloves)
Will     .....                  (no boots)
Stlth    +++.......             (no amulet)
HPRegen  0.06/turn              (no ring)
MPRegen  0.07/turn              (no ring)

@: no status effects
A: no striking features
a: no special abilities


You were on level 3 of the Dungeon.
You visited 1 branch of the dungeon, and saw 4 of its levels.

Inventory:

Hand Weapons
 a - a +0 rapier (weapon)
 O - a +0 short sword
Armour
 b - a +0 leather armour (worn)
Wands
 g - a wand of digging (3) {@v1}
Scrolls
 c - a scroll of fog
 M - a scroll of magic mapping
Potions
 f - 2 potions of haste {@q3,}
 N - a potion of heal wounds {unknown}
 P - 2 potions of curing {@q1}
 Q - a potion of flight {unknown}


   Skills:
 - Level 3.0 Fighting
 + Level 2.1 Short Blades
 - Level 1.7 Dodging
 + Level 4.7 Stealth


You couldn't memorise any spells.
You didn't know any spells.
Your spell library was empty.

Dungeon Overview and Level Annotations

Branches:
Dungeon (5/15)
 Temple: D:4-7

Altars:


Message History

Adjust to which letter? (? for menu, Esc to quit)
a - a +0 rapier (weapon);
O - a +0 short sword
P - 3 sedimented cyan potions
Found a ring mail.
A kobold comes into view.
Found an escape hatch in the floor.
Found a potion of haste.
The kobold shouts!
The kobold hits you.
You take 3 damage, and have 15/18 hp.
You closely miss the kobold. The kobold barely misses you.
You hit the kobold.
You kill the kobold!
You see here a kobold corpse.
f - 2 potions of haste {@q3,} (gained 1)
There is a stone staircase leading up here.
You climb upwards.
A bat, an adder and a hobgoblin come into view.
Found a dagger, 24 bolts and 8 gold pieces.
There is a stone staircase leading down here.
You climb downwards.
There is a stone staircase leading up here.
A bat comes into view.
The bat closely misses you.
You closely miss the bat. The bat misses you.
You closely miss the bat. The bat closely misses you.
The bat barely misses you.
You puncture the bat!
You kill the bat!
Health restored: 18 An orc comes into view.
It is wielding a +0 flail.
The orc shouts!
You hear a shout!
An orc comes into view.
It is wielding a +0 flail. 2 orcs come into view.
An orc priest comes into view. It is wielding a +0 mace.
The orc shouts!
The orc priest shouts!
The orc shouts!
The orc priest invokes the aid of Beogh against you.
Beogh smites you!
Ouch! That really hurt!
* * * LOW HITPOINT WARNING * * *
You take 12 damage, and have 6/18 hp.
MASSIVE DAMAGE!!
There is an escape hatch in the floor here.
Really go through this one-way escape hatch?
You slide downwards.
The hatch slams shut behind you.
A worker ant comes into view.
Found 4 large rocks and a metallic dark potion.
Unknown command.
As you read the scroll of fear, it crumbles to dust.
You assume a fearsome visage.
The worker ant looks frightened!
You see here 4 large rocks {!d, @Q4}.
You see here a metallic dark potion.
Q - a metallic dark potion The quokka bites you.
* * * LOW HITPOINT WARNING * * *
You take 2 damage, and have 5/18 hp.
The quokka bites you.
* * * LOW HITPOINT WARNING * * *
You take 2 damage, and have 3/18 hp.
The quokka bites you.
* * * LOW HITPOINT WARNING * * *
You take 2 damage, and have 1/18 hp.
There is a stone staircase leading up here.
It was a potion of curing.
You feel better. The quokka barely misses you. The quokka misses you.
You regained 10 hp, and now have 11/18 hp.
The quokka closely misses you.
You climb upwards.
There is a stone staircase leading down here.
You hit the quokka.
The quokka is severely wounded.
The quokka bites you.
* * * LOW HITPOINT WARNING * * *
You take 3 damage, and have 8/18 hp.
You closely miss the quokka.
The quokka is heavily wounded.
The quokka bites you.
* * * LOW HITPOINT WARNING * * *
The quokka closely misses you.
You take 3 damage, and have 5/18 hp.
You hit the quokka.
The quokka is almost dead.
The quokka closely misses you.
You closely miss the quokka.
The quokka is almost dead.
The quokka bites you.
* * * LOW HITPOINT WARNING * * *
You take 3 damage, and have 2/18 hp.
You closely miss the quokka.
The quokka is severely wounded.
The quokka bites you.
* * * LOW HITPOINT WARNING * * *
You take 1 damage, and have 1/18 hp.
You closely miss the quokka.
The quokka is severely wounded.
The quokka completely misses you. The quokka barely misses you.
You barely miss the quokka.
The quokka is severely wounded.
The quokka bites you.
You die...

█.........████████
... ███.)........█
... █......███.█
█......█ .█ █
█......█ .█
█.████....█ .█ █
█......█..███.██.█
████.....r.......█
█.████@.†..██
█..........█
███.██████.█ █ ...
.██.█ .█ █ ██


You could see a quokka.

Vanquished Creatures
  A leopard gecko (D:4)
  A bat (D:3)
  2 kobolds (D:3)
  A quokka (D:3)
5 creatures vanquished.

Notes
Turn   | Place    | Note
-------+----------+-------------------------------------------
     0 | D:5      | Goblin1989 the Demonspawn Delver began the quest for the
                  | Orb.
     0 | D:5      | Reached XP level 1. HP: 18/18 MP: 1/1
   102 | D:3      | Noticed an orc priest
   129 | D:4      | Noticed a worker ant
   154 | D:3      | Slain by a quokka

Illustrated notes

Levels and vault maps discovered:
D:2:      layout_basic, minmay_puff
D:3:      layout_basic
D:4:      layout_basic, serial_shops, shop, minmay_crossroads, uniq_ijyb
D:5:      layout_layer_cave, general_overflow_altar, lemuel_tele_altar,
          uniq_edmund

Skill      XL: |  1 |
---------------+----+-----
Short Blades   | 2 |  2.1
Fighting       | |  3.0
Dodging        | |  1.7
Stealth        | |  4.7

Action                   || total
-------------------------++-------
Melee: Rapier            ||    12
       Short sword       ||     5
  Use: Scroll            ||     1
       Potion            ||     1
 Stab: Sleeping          ||     1
Armor: Leather armour    ||     1
Dodge: Dodged            ||    13

Table legend: (Time is in decaauts)
 A = Elapsed time spent in this place.
 B = Non-inter-level travel time spent in this place.
 C = Inter-level travel time spent in this place.
 D = Time resting spent in this place.
 E = Time spent auto-exploring this place.
 F = Levels seen in this place.
 G = Mean time per level.
                   A        B        C        D        E       F      G
               +--------+--------+--------+--------+--------+-----+--------+
         Total |    155 |    155 |      0 |      0 |      0 |   4 |   38.8 |
       Dungeon |    155 |    155 |      0 |      0 |      0 |   4 |   38.8 |
               +--------+--------+--------+--------+--------+-----+--------+

Top non-repeatable levels by time:
     D:3: 114 daAuts
     D:4: 33 daAuts
     D:5: 6 daAuts
     D:2: 1 daAuts
